 Dungeon Crawl Stone Soup version 0.24.0-37-gcf1ca852f1 (webtiles) character file.

Game seed: 10671198540547024104, levelgen mode: deterministic

80 Gruesph the Covered (level 4, 0/32 HPs)
             Began as a Human Wanderer on Nov 25, 2019.
             Slain by Natasha (7 damage)
             ... on level 2 of the Dungeon.
             The game lasted 00:05:56 (1429 turns).

Gruesph the Covered (Human Wanderer)                Turns: 1429, Time: 00:05:57

Health: 0/32       AC:  7    Str: 16    XL:     4   Next: 65%
Magic:  4/4        EV:  8    Int: 13    God:
Gold:   85         SH:  5    Dex:  9    Spells: 3/3 levels left

rFire    . . .     SeeInvis .   a - +2 mace
rCold    . . .     Gourm    .   k - +2 buckler
rNeg     . . .     Faith    .   h - +0 scale mail
rPois    .         Spirit   .   (no helmet)
rElec    .         Reflect  .   (no cloak)
rCorr    .         Harm     .   (no gloves)
MR       .....                  (no boots)
Stlth    ..........             (no amulet)
HPRegen  0.10/turn              (no ring)
MPRegen  0.09/turn              (no ring)

@: slowed, very slow
A: no striking features
a: no special abilities


You were on level 2 of the Dungeon.
You were hungry.

You visited 1 branch of the dungeon, and saw 2 of its levels.

You collected 85 gold pieces.

Inventory:

Hand Weapons
 a - a +2 mace (weapon)
 b - a +0 hand crossbow
Missiles
 c - 24 bolts
Armour
 h - a +0 scale mail (worn)
 k - a +2 buckler (worn)
Scrolls
 i - 2 scrolls of identify {unknown}
 j - a scroll of remove curse {unknown}
 m - a scroll of magic mapping {unknown}
 n - a scroll of random uselessness {unknown}
Potions
 d - a potion of lignification
 e - 2 potions of curing {unknown}
 g - a potion of brilliance {unknown}
 l - a potion of flight {unknown}
Comestibles
 f - 2 rations


   Skills:
 - Level 1.6 Fighting
 * Level 3.8 Maces & Flails
 - Level 5.0 Armour
 - Level 1.0 Stealth
 + Level 1.5 Shields
   Level 1.0 Evocations


You had 3 spell levels left.
You didn't know any spells.
Your spell library was empty.

Dungeon Overview and Level Annotations

Branches:
Dungeon (2/15)

Altars:

Annotations:
D:2 Natasha, Robin


Message History

Natasha claws you.
You miss Natasha.
Natasha is lightly wounded.
Natasha casts a spell at you.
The magic dart hits you but does no damage.
Natasha stares at you and mumbles some strange words.
The magic dart hits you!
* * * LOW HITPOINT WARNING * * *
You hit Natasha.
Natasha is heavily wounded.
The crimson imp disappears in a puff of smoke!
Natasha stares at you and mumbles some strange words.
You feel yourself slow down.
You miss Natasha.
Natasha is heavily wounded.
The white imp disappears in a puff of smoke!
Natasha stares at you and mumbles some strange words.
You feel as though you will be slow longer.
Natasha claws you!
You die...

#>#.#
#.#.#
#.#.#
#.#.#
#.#
#.#
#.##
#.)#
##@#
#h#
#g#
#§#
#§#
#.#
..#
...


You could see Robin and Natasha.

Vanquished Creatures
  Jessica (D:2)
  An adder (D:2)
  An ooze (D:2)
  A dart slug (D:1)
  A bat (D:1)
  A giant cockroach (D:1)
  12 goblins
  5 hobgoblins
  4 jackals (D:1)
  A quokka (D:2)
  3 frilled lizards
  A kobold (D:2)
  3 rats (D:1)
35 creatures vanquished.

Notes
Turn   | Place    | Note
-------+----------+-------------------------------------------
     0 | D:1      | Gruesph the Human Wanderer began the quest for the Orb.
     0 | D:1      | Gruesph set off with the following items: a +2 mace, a +0
                  | hand crossbow, 24 bolts, a potion of lignification, a +0
                  | robe, a ration
     0 | D:1      | Reached XP level 1. HP: 15/15 MP: 1/1
   268 | D:1      | Reached XP level 2. HP: 16/21 MP: 2/2
   785 | D:1      | Reached XP level 3. HP: 22/26 MP: 3/3
  1034 | D:2      | Noticed Jessica
  1046 | D:2      | Killed Jessica
  1046 | D:2      | Reached skill level 1 in Shields
  1081 | D:2      | Reached XP level 4. HP: 28/32 MP: 4/4
  1402 | D:2      | Noticed Robin
  1404 | D:2      | Noticed Natasha
  1429 | D:2      | Slain by Natasha

Levels and vault maps discovered:
D:1:      dpeg_arrival_short_road, layout_loops_corners
D:2:      layout_loops_ring, minmay_misc_feat_alley, serial_bayou_pond_c,
          grunt_ashenzari_visionary [grunt_ashenzari_visionary_swamp,
          grunt_ashenzari_visionary_snake], uniq_jessica, uniq_natasha,
          uniq_robin

Skill      XL: |  1  2  3 |
---------------+----------+-----
Maces & Flails | 3 |  3.8
Shields        | 1 |  1.5
Fighting       | |  1.6
Armour         | |  5.0
Stealth        | |  1.0
Evocations     | |  1.0

Action                   |  1- 3 |  4- 6 || total
-------------------------+-------+-------++-------
Melee: Mace              |    52 |    49 ||   101
 Fire: Hand crossbow     |     4 |       ||     4
  Eat: Chunk             |       |     1 ||     1
Armor: Scale mail        |    28 |    16 ||    44
Dodge: Dodged            |    17 |    21 ||    38
Block: Buckler           |     6 |    10 ||    16
